 Dungeon Crawl Stone Soup version 0.22.1-2-g9c5b331383 (webtiles) character file.

169 Ihlosi the Cutter (level 5, -1/32 HPs)
             Began as a Kobold Gladiator on Dec 16, 2018.
             Killed from afar by Blork the orc (11 damage)
             ... with a puff of frost
             ... on level 4 of the Dungeon.
             The game lasted 00:07:26 (3335 turns).

Ihlosi the Cutter (Kobold Gladiator)                Turns: 3335, Time: 00:07:27

Health: -1/32      AC:  3    Str: 12    XL:     5   Next: 79%
Magic:  5/5        EV: 16    Int:  9    God:
Gold:   169        SH:  0    Dex: 17    Spells: 4/4 levels left

rFire    . . .     SeeInvis .   a - +0 rapier
rCold    . . .     Gourm    .   (shield restricted)
rNeg     . . .     Faith    .   j - +0 robe
rPois    .         Spirit   .   c - +0 helmet
rElec    .         Reflect  .   (no cloak)
rCorr    .         Harm     .   (no gloves)
MR       .....                  (no boots)
Stlth    ++........             (no amulet)
HPRegen  0.10/turn              (no ring)
MPRegen  0.09/turn              (no ring)

@: heavily drained
A: small, carnivore
a: no special abilities


You were on level 4 of the Dungeon.
You were full.

You visited 1 branch of the dungeon, and saw 4 of its levels.

You collected 169 gold pieces.

Inventory:

Hand Weapons
 a - a +0 rapier (weapon)
 h - a +0 blowgun
 q - a +1 dagger of speed
 u - a +0 long sword
Missiles
 d - 3 throwing nets (quivered)
 i - 20 bolts
 l - 10 poisoned needles
Armour
 b - a +0 leather armour
 c - a +0 helmet (worn)
 j - a +0 robe (worn)
Scrolls
 e - 3 scrolls of remove curse
 g - a scroll of teleportation
 k - 2 scrolls of identify {unknown}
 o - a scroll of noise {unknown}
 p - a scroll of fear {unknown}
Potions
 n - a potion of berserk rage {unknown}
 r - a potion of curing
 s - a potion of ambrosia
 t - a potion of brilliance {unknown}
Comestibles
 f - 5 rations


   Skills:
 * Level 3.1(1.7) Fighting
 + Level 5.3(3.8) Short Blades
 - Level 2.1(0.8) Throwing
 * Level 1.3(0.0) Armour
 * Level 4.7(3.2) Dodging
 * Level 2.6(1.2) Stealth


You had 4 spell levels left.
You didn't know any spells.
Your spell library was empty.

Dungeon Overview and Level Annotations

Branches:
Dungeon (4/15)
 Temple: D:4-7

Altars:

Annotations:
D:3 Sigmund
D:4 Blork the orc


Innate Abilities, Weirdness & Mutations

You are small and have problems with some larger weapons.
You are carnivorous and can eat meat at any time.


Message History

You hit Blork the orc.
Blork the orc is severely wounded.
Blork the orc grins evilly.
Blork the orc zaps a wand.
The puff of flame hits you!
You hit Blork the orc.
Blork the orc is severely wounded.
Blork the orc casts a spell at you. The puff of frost misses you.
Blork the orc begins to cast a cantrip, but forgets the words!
You closely miss Blork the orc.
Blork the orc is severely wounded.
Blork the orc gestures wildly while chanting.
Blork the orc flickers and vanishes!
Deactivating autopickup; reactivate with Ctrl-A.
You miss something. Something hits you!
You barely miss something.
You hear some strange, mumbled words.
A puff of frost appears from out of thin air!
The puff of frost hits you!
You die...

## #......#
#####..#
..######..#
..........#
#########.#
#.# #.#
####.####
#.....@.#
#.##.##{# #
#.# .# ..#
.# ..## .#
..# .# #..
.# #.. .#


There were no monsters in sight!

Vanquished Creatures
  A hound (D:1)
  4 adders
  An ooze (D:2)
  4 worms
  A dart slug (D:2)
  3 leopard geckos
  8 orcs (D:3)
  A ball python (D:2)
  A giant cockroach (D:1)
  7 goblins
  7 hobgoblins
  5 jackals
  10 kobolds
  10 bats
  9 frilled lizards
  5 rats
77 creatures vanquished.

Notes
Turn   | Place    | Note
-------+----------+-------------------------------------------
     0 | D:1      | Ihlosi the Kobold Gladiator began the quest for the Orb.
     0 | D:1      | Reached XP level 1. HP: 12/12 MP: 1/1
    41 | D:1      | Reached XP level 2. HP: 10/17 MP: 2/2
   351 | D:1      | Reached XP level 3. HP: 22/22 MP: 3/3
   655 | D:1      | Reached skill level 1 in Stealth
   873 | D:1      | Reached XP level 4. HP: 10/27 MP: 4/4
  1265 | D:2      | Reached skill level 1 in Armour
  1495 | D:2      | Reached XP level 5. HP: 18/32 MP: 5/5
  1841 | D:3      | Reached skill level 5 in Short Blades
  2366 | D:3      | Noticed Sigmund
  3313 | D:4      | Noticed Blork the orc
  3335 | D:4      | Killed from afar by Blork the orc

Skill      XL: |  1  2  3  4  5 |
---------------+----------------+-----
Dodging        | 4 |  4.7
Stealth        | 1 2 |  2.6
Armour         | 1 |  1.3
Short Blades   | 5 |  5.3
Fighting       | 3 |  3.1
Throwing       | |  2.1

Action                   |  1- 3 |  4- 6 || total
-------------------------+-------+-------++-------
Melee: Rapier            |    70 |   195 ||   265
  Use: Scroll            |       |     2 ||     2
       Potion            |       |     4 ||     4
 Stab: Sleeping          |       |     6 ||     6
  Eat: Chunk             |     8 |     5 ||    13
Armor: Leather armour    |    23 |     2 ||    25
       Robe              |       |    14 ||    14
Dodge: Dodged            |    77 |   143 ||   220
